 Dungeon Crawl Stone Soup version 0.26-a0-652-gafc20e3620 (webtiles) character file.

Game seed: 14405100831303815445

5 DogServant the Vexing (level 1, -1/9 HPs)
             Began as a Spriggan Arcane Marksman on Oct 2, 2020.
             Killed from afar by a dart slug (5 damage)
             ... with a slug dart
             ... on level 1 of the Dungeon.
             The game lasted 00:00:39 (407 turns).

DogServant the Vexing (Spriggan Arcane Marksman)     Turns: 407, Time: 00:00:39

Health: -1/9       AC:  2    Str:  6    XL:     1   Next: 66%
Magic:  3/3        EV: 18    Int: 14    God:
Gold:   0          SH:  0    Dex: 16    Spells: 1/2 levels left

rFire    . . .     SeeInvis +   b - +0 short sword
rCold    . . .     Faith    .   (shield restricted)
rNeg     . . .     Spirit   .   e - +0 robe
rPois    .         Reflect  .   (helmet restricted)
rElec    .         Harm     .   (no cloak)
rCorr    .         Rampage  .   (gloves unavailable)
MR       .....                  (boots unavailable)
Stlth    ++........             (no amulet)
HPRegen  0.03/turn              (no ring)
MPRegen  0.08/turn              (no ring)

@: very quick
A: very small, unfitting armour, see invisible, speed 3
a: no special abilities


You were on level 1 of the Dungeon.
You visited 1 branch of the dungeon, and saw 1 of its levels.

Inventory:

Hand Weapons
 a - a +0 shortbow
 b - a +0 short sword (weapon)
Missiles
 d - 20 arrows
Armour
 e - a +0 robe (worn)


   Skills:
 - Level 0.7 Fighting
 + Level 2.6 Bows
 - Level 3.0 Dodging
 + Level 1.1 Stealth
 - Level 1.3 Spellcasting
 + Level 3.8 Hexes


You had one spell level left.
You knew the following spells:

 Your Spells              Type           Power        Failure   Level
a - Corona                Hex            ##.....      5%          1

Your spell library contained the following spells:

 Spells                   Type           Power        Failure   Level
 Slow                     Hex            ##......     9%          2
 Inner Flame              Hex/Fire       #.......     34%         3
 Portal Projectile        Hex/Tloc       #.....       34%         3
 Cause Fear               Hex            ##........   47%         4
 Leda's Liquefaction      Hex/Erth       #.........   75%         4


Dungeon Overview and Level Annotations

Branches:
Dungeon (1/15)

Altars:


Innate Abilities, Weirdness & Mutations

You are very small and have problems with some larger weapons.
You are too small for most types of armour.
You have supernaturally acute eyesight. (SInv)
You cover ground extremely quickly.


Message History

You are too injured to fight recklessly!
You are too injured to fight recklessly!
You see here 13 gold pieces.
A giant cockroach comes into view.
You hit the frilled lizard.
You kill the frilled lizard!
You see here a frilled lizard corpse.
You barely miss the dart slug. You hit the dart slug.
The dart slug is moderately wounded.
The dart slug misses you.
You hit the dart slug.
The dart slug is severely wounded.
The dart slug completely misses you.
You hit the dart slug.
The dart slug is almost dead.
The dart slug launches a dart at you. The slug dart hits you.
Ouch! That really hurt!
You die...

.........#.... . #.
........#... ...#
###......#..# ..
...# #........#..##
#.. ....
#........#...###..)
#..
#........#....(...#
#.
#....l............#
#.
#....###w#..(.....##
##. #..w.#
#@#...###...####..
#....# #s#.†##
#........ ######
#.#..## ##........
#.#...###........#
#.#.............#.
#.#...$...........
#.################
#.. #..


You could see a dart slug and a giant cockroach.

Vanquished Creatures
  A bat (D:1)
  A kobold (D:1)
  A frilled lizard (D:1)
  3 rats (D:1)
6 creatures vanquished.

Notes
Turn   | Place    | Note
-------+----------+-------------------------------------------
     0 | D:1      | DogServant the Spriggan Arcane Marksman began the quest for
                  | the Orb.
     0 | D:1      | Reached XP level 1. HP: 9/9 MP: 3/3
   376 | D:1      | Reached skill level 1 in Stealth
   407 | D:1      | Killed from afar by a dart slug

Illustrated notes

Levels and vault maps discovered:
D:1:      erik_arrival_cave_to_civilisation [erik_arrival_cave_to_hall],
          layout_basic

Skill      XL: |  1 |
---------------+----+-----
Stealth        | 1 |  1.1
Fighting       | |  0.7
Bows           | |  2.6
Dodging        | |  3.0
Spellcasting   | |  1.3
Hexes          | |  3.8

Action                   || total
-------------------------++-------
Melee: Short sword       ||    16
 Fire: Shortbow          ||    10
 Stab: Sleeping          ||     1
Armor: Robe              ||     1
Dodge: Dodged            ||    21

Table legend: (Time is in decaauts)
 A = Elapsed time spent in this place.
 B = Non-inter-level travel time spent in this place.
 C = Inter-level travel time spent in this place.
 D = Time resting spent in this place.
 E = Time spent auto-exploring this place.
 F = Levels seen in this place.
 G = Mean time per level.
                   A        B        C        D        E       F      G
               +--------+--------+--------+--------+--------+-----+--------+
         Total |    354 |    354 |      0 |      0 |    303 |   1 |  354.0 |
       Dungeon |    354 |    354 |      0 |      0 |    303 |   1 |  354.0 |
               +--------+--------+--------+--------+--------+-----+--------+

Top non-repeatable levels by time:
     D:1: 354 daAuts
